[Event "Czech Open-Rapid 2022"]
[Site "Pardubice"]
[Date "2022.07.21"]
[Round "6.28"]
[White "Mojzis, Jaroslav"]
[Black "Slavik, Jan"]
[Result "1-0"]
[ECO "A08"]
[WhiteElo "2108"]
[BlackElo "1913"]
[Annotator "NA RC"]
[PlyCount "83"]
[EventDate "2022.07.20"]
[EventType "swiss"]
[EventCountry "CZE"]
[SourceTitle "playchess.com"]
[Source "ChessBase"]
[SourceQuality "1"]
[TimeControl "1200+10"]

1. Nf3 d5 2. g3 c5 3. Bg2 Nc6 4. d4 e6 5. O-O Nf6 6. c4 cxd4 7. Nxd4 Be7 8. Nc3 O-O 9. cxd5 exd5 10. Bg5 Re8 11. Rc1 h6 12. Be3 Qa5 13. Nb3 Qa6 14. Re1 Be6 15. Nd4 Rad8 16. a3 Bd6 17. Ncb5 Nxd4 18. Nxd4 Rc8 19. Nxe6 fxe6 20. Qd3 Qxd3 21. exd3 b6 22. Bh3 Kf7 23. Rxc8 Rxc8 24. Bxb6 Re8 25. Bxa7 e5 26. Be3 Rb8 27. b4 Ra8 28. Bc1 Ra7 29. Bb2 e4 30. dxe4 dxe4 31. Bg2 Re7 32. Bf1 Ke8 33. Bb5+ Kd8 34. Rd1 Kc7 35. Bd4 Kb7 36. Rc1 Rc7 37. Rxc7+ Kxc7 38. Kf1 Bf8 39. Bc4 Nd7 40. Ke2 g5 41. Ke3 Nb6 42. Bb3 1-0

[Event "Czech Open-Rapid 2022"]
[Site "Pardubice"]
[Date "2022.07.21"]
[Round "6.29"]
[White "Mierins, Emils Janis"]
[Black "Shystarova, Anna"]
[Result "1-0"]
[ECO "B06"]
[WhiteElo "2042"]
[BlackElo "1856"]
[Annotator "TA"]
[PlyCount "81"]
[EventDate "2022.07.20"]
[EventType "swiss"]
[EventCountry "CZE"]
[SourceTitle "playchess.com"]
[Source "ChessBase"]
[SourceQuality "1"]
[TimeControl "1200+10"]

1. e4 g6 2. d4 Bg7 3. Nc3 d6 4. g3 c6 5. Bg2 Nf6 6. a4 a5 7. Nge2 O-O 8. O-O {[%emt 0:00:07] 8.0-0 is better than 8.h3.} Nbd7 {[%emt 0:00:40] B07: Pirc Defence: Miscellaneous Systems.} 9. h3 Rb8 10. Be3 b5 {[%emt 0:00:16] White is slightly better.} 11. axb5 cxb5 {[%emt 0:00:04] [#]} 12. Qd3 $146 ({Predecessor:} 12. f4 b4 13. Na4 Ba6 14. Rf2 Qc7 15. d5 Bxe2 16. Qxe2 Rfc8 17. Rd1 Qc4 18. b3 Qxe2 19. Rxe2 {1-0 (37) Neuenschwander,B-Hirzel,A Kobanya 1988}) 12... b4 13. Na4 Bb7 14. c3 e5 15. Rfc1 ({White should try} 15. d5 $14) 15... exd4 16. cxd4 Qe7 17. Rc7 ({White should play} 17. f3 $14) 17... Bxe4 $11 18. Bxe4 Nxe4 19. Rxd7 Nxf2 $2 {[%emt 0:02:16][%mdl 8192] This costs Black the game.} (19... Qxd7 $11 20. Qxe4 Qxh3) 20. Rxe7 $18 Nxd3 21. Rd1 Nxb2 22. Nxb2 {[%emt 0:00:03] Pair of Knights!} Rfc8 23. Rd2 ({Weaker is} 23. Rf1 Rc2 $18) 23... Ra8 24. Na4 Rcb8 25. Rb2 Bf8 26. Rd7 Re8 27. Kf2 Re4 28. Bf4 Rc8 29. Ra7 b3 30. Rxb3 Rc2 31. Re3 Rxd4 32. Nac3 Rc4 33. Rxa5 d5 34. Rxd5 Bc5 {[%emt 0:00:09] [#]} 35. Rxc5 $1 Rxc5 36. Bh6 f5 37. Kf3 Kf7 38. Bg5 Rc4 39. Nd5 {[%emt 0:00:18] [#] Re7+ would kill now.} Rd2 40. Re7+ Kf8 41. Bh6+ {[%emt 0:00:02] Weighted Error Value: White=0.28 (precise) /Black=0.54} 1-0

[Event "Czech Open-Rapid 2022"]
[Site "Pardubice"]
[Date "2022.07.21"]
[Round "6.30"]
[White "Savitha Shri B"]
[Black "Michelle Catherina, P."]
[Result "0-1"]
[ECO "B28"]
[WhiteElo "2278"]
[BlackElo "2141"]
[Annotator "TA"]
[PlyCount "58"]
[EventDate "2022.07.20"]
[EventType "swiss"]
[EventCountry "CZE"]
[SourceTitle "playchess.com"]
[Source "ChessBase"]
[SourceQuality "1"]
[TimeControl "1200+10"]

1. e4 c5 2. Nf3 a6 3. c3 d5 4. e5 Nc6 5. d4 Bg4 6. Be2 {[%emt 0:00:22] B28: Sicilian: 2 Nf3 a6 (O'Kelly Variation).} e6 7. O-O cxd4 (7... Bxf3 {keeps more tension.} 8. Bxf3 Nge7 9. Na3 cxd4 10. cxd4 Nf5) 8. Nxd4 {[%emt 0:00:35] The position is equal.} Bxe2 9. Qxe2 {[%emt 0:00:03] [#]} Nge7 $146 ({Predecessor:} 9... Qc7 10. Nxc6 Qxc6 11. Be3 Ne7 12. Nd2 Nf5 13. Nb3 Qc7 14. Bf4 Bc5 15. Rfd1 Qb6 {1-0 (47) Tecirli,M-Erman,E Urgup 2004}) 10. Nxc6 Nxc6 11. Nd2 Qc7 12. Nf3 h6 13. Bf4 Be7 14. Rfd1 g5 15. Bg3 h5 {[%emt 0:00:36] [#] ...h4 is the strong threat.} 16. h4 (16. h3 $1 $15) 16... gxh4 $17 17. Nxh4 O-O-O ({Resist} 17... Bxh4 18. Bxh4 Rg8 19. Bf6 $14 (19. Qxh5 Qxe5 20. Qf3 Qh8 $11)) 18. c4 dxc4 19. Rxd8+ Rxd8 20. Qxh5 Bc5 {[%emt 0:01:05] Black is more active.} 21. Rc1 {[%emt 0:00:22] [#]} b5 (21... Nb4 $1 $19 22. a3 Nd3) 22. b3 $2 {[%emt 0:00:33] This move loses the game for White.} (22. Nf3 $17 {is a better defense.}) 22... Ba3 $19 23. Re1 (23. Rc3 {was worth a try.} Nd4 24. bxc4) 23... c3 {[%emt 0:00:11] Black is clearly winning.} 24. Bf4 c2 25. Qf3 Kb8 26. Bg5 Rd7 27. Bc1 Bxc1 28. Rxc1 Qd8 {[%emt 0:00:36] Threatens to win with ...Rd1+.} 29. Rf1 Rd1 {[%emt 0:00:19] Weighted Error Value: White=0.69/Black=0.25 (precise)} 0-1

[Event "Czech Open-Rapid 2022"]
[Site "Pardubice"]
[Date "2022.07.21"]
[Round "6.31"]
[White "Jun, Rudolf"]
[Black "Haack, Stefan"]
[Result "1-0"]
[ECO "C89"]
[WhiteElo "2134"]
[BlackElo "1757"]
[Annotator "NA RC"]
[PlyCount "71"]
[EventDate "2022.07.20"]
[EventType "swiss"]
[EventCountry "CZE"]
[SourceTitle "playchess.com"]
[Source "ChessBase"]
[SourceQuality "1"]
[TimeControl "1200+10"]

1. e4 e5 2. Nf3 Nc6 3. Bb5 a6 4. Ba4 Nf6 5. O-O b5 6. Bb3 Be7 7. Re1 O-O 8. c3 d5 9. exd5 Nxd5 10. d4 exd4 11. Nxd4 Nxd4 12. Bxd5 c6 13. Be4 f5 14. Bd3 Ne6 15. Bc2 Qxd1 16. Bxd1 Bf6 17. Bb3 Re8 18. Nd2 Kf8 19. Nf3 Nc5 20. Rxe8+ Kxe8 21. Bc2 g6 22. Bf4 Kf7 23. Re1 Ne6 24. Bb3 Bd7 25. Ne5+ Bxe5 26. Bxe5 Re8 27. f3 h6 28. Kf2 g5 29. h4 Kg6 30. hxg5 hxg5 31. Bc2 Nc5 32. b4 Ne6 33. Rd1 Re7 34. g4 Nf4 35. Bxf4 gxf4 36. Rxd7 1-0

[Event "Czech Open-Rapid 2022"]
[Site "Pardubice"]
[Date "2022.07.21"]
[Round "6.32"]
[White "Soukup, Stepan"]
[Black "Bares, Jachym"]
[Result "0-1"]
[ECO "A58"]
[WhiteElo "1809"]
[BlackElo "2129"]
[Annotator "NA RC"]
[PlyCount "88"]
[EventDate "2022.07.20"]
[EventType "swiss"]
[EventCountry "CZE"]
[SourceTitle "playchess.com"]
[Source "ChessBase"]
[SourceQuality "1"]
[TimeControl "1200+10"]

1. d4 Nf6 2. c4 c5 3. d5 b5 4. cxb5 a6 5. bxa6 g6 6. g3 Bxa6 7. Nc3 d6 8. Bg2 Bg7 9. Nf3 O-O 10. O-O Nbd7 11. Re1 Ng4 12. Qc2 Nge5 13. Bg5 h6 14. Bd2 Kh7 15. a4 Qb6 16. Rab1 Rfb8 17. b3 Qc7 18. Rec1 Nxf3+ 19. Bxf3 Ne5 20. Bg2 Qd7 21. h3 Qc8 22. f4 Nd7 23. e4 Ra7 24. Be3 Rab7 25. e5 dxe5 26. d6 exd6 27. Bxb7 Bxb7 28. Nb5 Qc6 29. Kh2 exf4 30. Bxf4 Ne5 31. Bxe5 Bxe5 32. Rf1 Rf8 33. Rf2 f5 34. Rbf1 f4 35. g4 f3+ 36. Kg1 Bg3 37. Qd2 Bxf2+ 38. Rxf2 d5 39. Qe3 Qf6 40. Qxc5 Qa1+ 41. Kh2 Qe5+ 42. Kg1 Rc8 43. Qa3 Qe1+ 44. Rf1 Qg3+ 0-1

[Event "Czech Open-Rapid 2022"]
[Site "Pardubice"]
[Date "2022.07.21"]
[Round "6.33"]
[White "Melichar, Vojtech"]
[Black "Hon, Jiri"]
[Result "1-0"]
[ECO "A45"]
[WhiteElo "1907"]
[BlackElo "1778"]
[Annotator "TA"]
[PlyCount "39"]
[EventDate "2022.07.20"]
[EventType "swiss"]
[EventCountry "CZE"]
[SourceTitle "playchess.com"]
[Source "ChessBase"]
[SourceQuality "1"]
[TimeControl "1200+10"]

1. d4 Nf6 2. Nc3 g6 3. Bf4 Bg7 4. e4 d6 5. Qd2 O-O 6. O-O-O Re8 {[%emt 0:00:06] B07: Pirc Defence: Miscellaneous Systems.} 7. Nf3 c6 8. Bh6 Bh8 {[%emt 0:00:02] White is better.} 9. h4 {[%emt 0:01:04][%cal Oh4h5] White is more active.} b5 (9... Bg4 $16) 10. h5 $18 b4 {[%emt 0:00:02] [#]} 11. hxg6 $1 fxg6 {[%emt 0:00:03] [#]} (11... hxg6 12. Nb1) 12. Ne2 $146 {[%emt 0:02:10][%mdl 2048] And now Ng5 would win. White is really pushing.} ({Predecessor:} 12. Qf4 bxc3 13. e5 Nd5 14. Bc4 e6 15. Bxd5 cxd5 16. exd6 a5 17. Bg5 Qb6 18. bxc3 {0-1 (47) Juliano,J (1954)-Dos Santos,J (1816) Florianopolis 2017}) 12... Nxe4 {[%emt 0:00:25] [#]} 13. Qf4 ({Avoid the trap} 13. Qxb4 $2 Nxf2 14. Ng3 Nxd1 15. Kxd1 d5 $19) 13... Bf5 (13... Nf6 $16 {is a better defense.}) 14. Nh4 $2 (14. g4 $18 Be6 15. Qxe4) 14... e5 $16 15. dxe5 (15. Qf3 $16 Qf6 16. Nxf5 Qxf5 17. Qxf5 gxf5 18. Rh5) 15... Qa5 $2 (15... Bxe5 $17 {keeps the pressure on.} 16. Qe3 Qa5 17. Nxf5 {[#]} Qxa2 $1 18. Qb3+ Qxb3 19. cxb3 gxf5) 16. Nxf5 $18 Bxe5 $2 (16... gxf5 $18 17. Nd4 (17. Qxf5 Qxe5 18. Nd4 Qxf5 $18) 17... Qxe5) 17. Ne7+ {[%emt 0:01:52] White mates.} Kh8 18. Qf7 Bxb2+ 19. Kb1 Nd7 20. Bg7+ {Weighted Error Value: White=0.58/Black=1.31} 1-0

[Event "Czech Open-Rapid 2022"]
[Site "Pardubice"]
[Date "2022.07.21"]
[Round "6.34"]
[White "Kavalir, Jan"]
[Black "Dolensky, Filip"]
[Result "0-1"]
[ECO "B23"]
[WhiteElo "1987"]
[BlackElo "2051"]
[Annotator "NA RC"]
[PlyCount "70"]
[EventDate "2022.07.20"]
[EventType "swiss"]
[EventCountry "CZE"]
[SourceTitle "playchess.com"]
[Source "ChessBase"]
[SourceQuality "1"]
[TimeControl "1200+10"]

1. e4 c5 2. Nc3 a6 3. g3 b5 4. Bg2 Bb7 5. d3 e6 6. Nf3 Qc7 7. O-O d6 8. Re1 Nd7 9. a3 Ngf6 10. d4 cxd4 11. Qxd4 Be7 12. a4 bxa4 13. Rxa4 Rc8 14. Nd2 e5 15. Qe3 O-O 16. Bf1 Nc5 17. Ra1 Rfd8 18. b4 Ne6 19. Bb2 Nd4 20. Rec1 d5 21. Bxa6 Bxa6 22. Rxa6 Bxb4 23. Nxd5 Nxd5 24. exd5 Bxd2 25. Bxd4 Bxe3 26. Bxe3 Rxd5 27. c4 Ra5 28. Rb6 Rc5 29. Bxc5 Qxc5 30. Rb7 g5 31. Rd1 Qxc4 32. Rdd7 e4 33. Re7 h5 34. Ra7 h4 35. Ra5 h3 0-1

[Event "Czech Open-Rapid 2022"]
[Site "Pardubice"]
[Date "2022.07.21"]
[Round "6.35"]
[White "Nyc Voldanova, Barbora"]
[Black "Kotva, Milan"]
[Result "0-1"]
[ECO "D00"]
[WhiteElo "1438"]
[BlackElo "1833"]
[Annotator "NA RC COMBH"]
[PlyCount "64"]
[EventDate "2022.07.20"]
[EventType "swiss"]
[EventCountry "CZE"]
[SourceTitle "playchess.com"]
[Source "ChessBase"]
[SourceQuality "1"]
[TimeControl "1200+10"]

1. d4 d5 2. e3 Nf6 3. b3 a5 4. Bb2 e6 5. Nf3 a4 6. a3 axb3 7. cxb3 Bd6 8. Ne5 Nbd7 9. Bd3 O-O 10. O-O h6 11. f4 c5 12. dxc5 Nxc5 13. b4 Nxd3 14. Qxd3 b6 15. Nd2 Bb7 16. Nb3 Qe8 17. Qd4 Bxe5 18. Qxe5 Qb5 19. Qc7 Qc6 20. Qxc6 Bxc6 21. Bxf6 gxf6 22. Rac1 Bb5 23. Rf3 Rxa3 24. Nd4 Bd3 25. Rc6 Rb8 26. f5 Ra1+ 27. Kf2 Rf1+ 28. Kg3 Rxf3+ 29. Kxf3 e5 30. Ne2 Bxf5 31. Rxf6 Be4+ 32. Kg3 Kg7 0-1

[Event "Czech Open-Rapid 2022"]
[Site "Pardubice"]
[Date "2022.07.21"]
[Round "6.36"]
[White "Pacl, Vaclav"]
[Black "Rakhmangulova, Iulia"]
[Result "1-0"]
[ECO "A05"]
[WhiteElo "2036"]
[BlackElo "1904"]
[Annotator "TA"]
[PlyCount "69"]
[EventDate "2022.07.20"]
[EventType "swiss"]
[EventCountry "CZE"]
[SourceTitle "playchess.com"]
[Source "ChessBase"]
[SourceQuality "1"]
[TimeControl "1200+10"]

1. Nf3 Nf6 2. b3 g6 3. Bb2 Bg7 4. g3 O-O 5. Bg2 d6 6. d4 c5 7. O-O cxd4 8. Nxd4 a6 9. c4 Qc7 10. Nc3 Nc6 11. Nc2 {[%emt 0:00:22] E65: King's Indian: Fianchetto: 6...c5 7 0-0 without d5 by White.} (11. Rc1 $5 ) 11... Bd7 12. e4 Bg4 {[%emt 0:00:41] [#]} 13. f3 $146 {[%emt 0:00:34] White is slightly better.} ({Predecessor:} 13. Qd2 Rfc8 14. Ne3 Qa5 15. h3 Be6 16. Rad1 Rab8 17. f4 b5 18. f5 Bd7 19. Ncd5 Qxd2 20. Rxd2 Nxd5 21. cxd5 {1-0 (47) Ordaz Valdes,L (2284)-Catala,I (2136) Holguin 2008}) 13... Bd7 14. Ne3 Rad8 15. Ncd5 Nxd5 16. Nxd5 Qc8 17. Bxg7 Kxg7 18. Rc1 Bh3 19. Qd2 Bxg2 20. Kxg2 e6 21. Qb2+ f6 22. Rfd1 Rf7 ({Much less strong is} 22... exd5 23. cxd5 Qa8 24. dxc6) 23. Rd2 exd5 24. cxd5 Rc7 {[%emt 0:00:07] [#] aiming for ...Ne5.} 25. dxc6 Rxc6 26. Rxc6 Qxc6 $14 {[%emt 0:00:22][%mdl 4096] Endgame KQR-KQR} 27. Rc2 Qb6 28. Qc3 Rd7 {[%emt 0:00:28] Prevents Qc7.} 29. Qc4 Re7 30. h4 h5 31. Qc8 Qa5 32. Qb8 Qe5 33. Rc8 {[%emt 0:00:46] Intending Rh8 and mate.} Qe6 (33... Qb2+ $11 {remains equal.} 34. Kh3 Qe2) 34. Rd8 {[%emt 0:02:04] White is more active.} ({White should play} 34. Rh8 $16 Qf7 35. Rd8) 34... Rd7 {[%emt 0:00:26] [#]} (34... f5 $1 $11) 35. Qc8 $1 {[%emt 0:00:36] Weighted Error Value: White=0.20 (precise) /Black=0.19 (very precise)} ({Don't play} 35. Rh8 $6 Qf7 $14) 1-0

[Event "Czech Open-Rapid 2022"]
[Site "Pardubice"]
[Date "2022.07.21"]
[Round "6.37"]
[White "Bouska, Jiri"]
[Black "Mikolas, Petr"]
[Result "1-0"]
[ECO "C01"]
[WhiteElo "2157"]
[BlackElo "1555"]
[Annotator "TA"]
[PlyCount "43"]
[EventDate "2022.07.20"]
[EventType "swiss"]
[EventCountry "CZE"]
[SourceTitle "playchess.com"]
[Source "ChessBase"]
[SourceQuality "1"]
[TimeControl "1200+10"]

1. e4 e6 2. d4 d5 3. exd5 exd5 4. Nf3 c6 5. Bd3 Bd6 6. O-O Ne7 7. Re1 O-O {[%emt 0:00:02] C01: French: Exchange Variation.} 8. Bg5 f6 9. Bh4 Nf5 {[%emt 0:01:46] The position is equal.} 10. Nbd2 {[%emt 0:00:20] [#]} Qc7 $146 ({Predecessor:} 10... Na6 11. c3 Nc7 12. Qc2 g6 13. Bg3 Nxg3 14. hxg3 Rf7 15. c4 Bf8 16. c5 Re7 17. Rxe7 Qxe7 18. b4 Bd7 19. Re1 Qf7 20. Nb3 Re8 {0-1 (20) Schulze,P (2121)-Paap,M (2234) ICCF email 2018}) 11. Nf1 Nxh4 (11... Na6 {is more complex.} 12. c4 Nb4 13. c5 Bf4) 12. Nxh4 {[%emt 0:00:03][%cal Od3h7] Bxh7+! is the strong threat.} g6 13. c3 Bd7 14. Qc2 {[%emt 0:05:12][%cal Od3g6] [#] And now Bxg6! would win.} Na6 $2 {[%emt 0:01:47] This costs Black the game.} (14... Rf7 $14) 15. Bxg6 $1 $18 hxg6 (15... f5) 16. Qxg6+ Kh8 17. Qh6+ Kg8 18. Ng6 {[%emt 0:00:32] Intending Qh8+ and mate.} f5 19. Ne7+ {[%emt 0:01:02] White mates.} Bxe7 20. Rxe7 Rf7 21. Qg6+ {[%emt 0:00:02][%mdl 64] [#] Deflection, Double Attack} Kh8 22. Rxf7 {[%emt 0:00:08] Weighted Error Value: White=0.10 (very precise) /Black=0.84} 1-0

[Event "Czech Open-Rapid 2022"]
[Site "Pardubice"]
[Date "2022.07.21"]
[Round "6.38"]
[White "Kroulik, Vaclav"]
[Black "Postl, Petr"]
[Result "0-1"]
[ECO "B00"]
[WhiteElo "1749"]
[BlackElo "1900"]
[Annotator "TA"]
[PlyCount "56"]
[EventDate "2022.07.20"]
[EventType "swiss"]
[EventCountry "CZE"]
[SourceTitle "playchess.com"]
[Source "ChessBase"]
[SourceQuality "1"]
[TimeControl "1200+10"]

1. e4 d6 2. d4 Nf6 3. Bd3 g6 4. Nf3 Bg7 5. c3 O-O 6. O-O Nc6 7. Bg5 h6 8. Bh4 {[%emt 0:00:23] B07: Pirc Defence: Miscellaneous Systems.} Nh5 {[%emt 0:00:34] [#]} 9. Qd2 $146 ({Predecessor:} 9. Nbd2 Qe8 10. Ne1 e5 11. d5 Ne7 12. c4 Nf4 13. Bc2 f5 14. f3 g5 15. Bf2 {0-1 (28) Chehlov,A (2556)-Bezgodov,A (2546) St Petersburg 2004}) 9... g5 {[%emt 0:00:23] [#]} 10. Bg3 (10. Nxg5 $1 $14 hxg5 11. Qxg5) 10... Nxg3 11. hxg3 e5 12. d5 Ne7 13. Na3 f5 14. Nc2 (14. exf5 $11 Nxf5 15. Qe2) 14... f4 $15 15. gxf4 gxf4 (15... exf4 $17 {And now ...Ng6 would win.} 16. Ncd4 Qe8) 16. Rfe1 Ng6 17. Kf1 Nh4 18. Nxh4 Qxh4 19. f3 $1 Rf6 {[%emt 0:00:54] Black wants to play ...Rg6.} 20. Ke2 Rg6 21. Rg1 (21. Kd1 $1 $11) 21... Qh2 $36 {[%emt 0:00:14][%mdl 2048] Black is in control.} 22. Kf2 {[%emt 0:01:09] White does not recover from this.} (22. Qe1 $17) 22... Bf6 {[%emt 0:01:01] White must now prevent ...Bh3.} 23. Ne1 $2 (23. Raf1 Bh3 24. Ne1) 23... Bh4+ $19 24. Kf1 {[%emt 0:00:02] [#]} Bh3 $1 {[%emt 0:00:10][%mdl 512] Strongly threatening ...Kh7.} 25. Rc1 (25. Bc4 Kh8) 25... Kh7 26. Rc2 Rag8 {[%emt 0:00:02] Hoping for ...Bxe1.} 27. c4 Bxe1 28. Qxe1 Rxg2 {[%emt 0:00:02] Weighted Error Value: White=0.84/Black=0.17 (very precise)} 0-1

[Event "Czech Open-Rapid 2022"]
[Site "Pardubice"]
[Date "2022.07.21"]
[Round "6.39"]
[White "Chrz, Pavel"]
[Black "Jelinek, Ctibor"]
[Result "1/2-1/2"]
[ECO "B06"]
[WhiteElo "1986"]
[BlackElo "1362"]
[Annotator "TA"]
[PlyCount "75"]
[EventDate "2022.07.20"]
[EventType "swiss"]
[EventCountry "CZE"]
[SourceTitle "playchess.com"]
[Source "ChessBase"]
[SourceQuality "1"]
[TimeControl "1200+10"]

1. e4 g6 2. d4 Bg7 3. Nc3 d6 4. Be3 Nf6 5. f3 O-O 6. Qd2 e5 7. Nge2 Nc6 8. d5 Ne7 9. Bh6 {[%emt 0:00:04] B07: Pirc Defence: Miscellaneous Systems.} ({White should try} 9. O-O-O $14) 9... a6 (9... Bxh6 $11 {remains equal.} 10. Qxh6 c6) 10. h4 {[%emt 0:00:06][%cal Oh4h5] [#]} Bxh6 $146 ({Predecessor:} 10... c6 11. h5 cxd5 12. Bxg7 Kxg7 13. hxg6 fxg6 14. exd5 Neg8 15. Ng3 b5 16. Nce4 Nxe4 17. Nxe4 {1-0 (37) Arango,A (2128)-Estrella Becerra,F (1961) Medellin 2014}) 11. Qxh6 Kh8 12. h5 (12. g4 $14) 12... Neg8 13. Qd2 Nxh5 14. g4 Nf4 {[%emt 0:01:15] [#]} (14... Nhf6 $11 {and Black is okay.}) 15. Nxf4 $18 exf4 16. Qh2 (16. Qxf4 $18 Bd7 17. O-O-O (17. Qh2 h6 $16)) 16... h6 $16 17. Qxf4 g5 18. Qd2 {[%emt 0:00:45] White is more active.} Qf6 19. Rh3 Kg7 20. Be2 (20. O-O-O $16) 20... Ne7 21. Qd3 (21. O-O-O $14) 21... Ng6 $11 {[%emt 0:00:41] [#] Hoping for ...Nf4.} 22. Qd2 Qf4 23. Qd4+ Ne5 {[%emt 0:01:12][%cal Of7f5] White must now prevent ...f5!} 24. Qd2 Qxd2+ 25. Kxd2 Ng6 26. Rah1 Rh8 27. Nd1 Nf4 28. R3h2 f6 29. Ne3 b5 30. Bd3 Bd7 31. c3 Ng6 32. Bc2 (32. Nc2 $16) 32... Ne5 (32... Nh4 $11) 33. Ke2 Ng6 34. Kf2 Nf4 35. Kg3 Rae8 36. Bb1 Bc8 37. Bc2 Bd7 38. Bb1 {Blacks defense is rewarded with a draw.  Weighted Error Value: White=0.28 (precise) /Black=0.21 (precise)} (38. Ng2 $14) 1/2-1/2

[Event "Czech Open-Rapid 2022"]
[Site "Pardubice"]
[Date "2022.07.21"]
[Round "6.40"]
[White "Vokoun, Jan"]
[Black "Skoloud, Barnabas"]
[Result "1-0"]
[ECO "A10"]
[WhiteElo "2056"]
[BlackElo "1852"]
[Annotator "NA RC"]
[PlyCount "31"]
[EventDate "2022.07.20"]
[EventType "swiss"]
[EventCountry "CZE"]
[SourceTitle "playchess.com"]
[Source "ChessBase"]
[SourceQuality "1"]
[TimeControl "1200+10"]

1. c4 f5 2. Nf3 Nf6 3. Nc3 e6 4. a3 b6 5. g3 Bb7 6. Bg2 Be7 7. O-O O-O 8. d3 d6 9. Re1 e5 10. e4 f4 11. d4 exd4 12. Nxd4 fxg3 13. hxg3 Qc8 14. Nd5 Nc6 15. Nxc6 Nxd5 16. exd5 1-0

[Event "Czech Open-Rapid 2022"]
[Site "Pardubice"]
[Date "2022.07.21"]
[Round "6.41"]
[White "Sosnik, Sebastian"]
[Black "Babula, Matej"]
[Result "1-0"]
[ECO "B41"]
[WhiteElo "2255"]
[BlackElo "1748"]
[Annotator "TA"]
[PlyCount "49"]
[EventDate "2022.07.20"]
[EventType "swiss"]
[EventCountry "CZE"]
[SourceTitle "playchess.com"]
[Source "ChessBase"]
[SourceQuality "1"]
[TimeControl "1200+10"]

1. e4 c5 2. Nf3 e6 3. d4 cxd4 4. Nxd4 a6 5. c4 Nf6 6. Nc3 Bb4 7. Bd3 {[%emt 0:00:47] 7.Bd3 was played by the boomers.} Nc6 8. Nxc6 dxc6 9. Bg5 {[%emt 0:02:34] B41: Sicilian: Kan Variation: 5 c4.} Qd4 {[%emt 0:03:09] [#]} (9... e5 $11) 10. O-O $146 ({Predecessor:} 10. Qc2 h6 11. Be3 Qd8 12. h3 e5 13. a3 Bxc3+ 14. Qxc3 Qc7 15. O-O O-O 16. f4 Re8 17. fxe5 {½-½ (38) Ardelean,R (1721)-Balan,B (1805) Slanic Moldova 2017}) 10... Bxc3 11. Be3 {[%emt 0:01:26] White is slightly better.} Qe5 12. f4 Qa5 13. bxc3 Qxc3 (13... e5 $1 $14) 14. e5 Nd7 15. Rf3 {[%emt 0:01:53][%mdl 1024] White has strong compensation.} c5 (15... Qb4 $16) 16. Rb1 ({White should play} 16. Bf2 $18) 16... Qa5 $16 17. Qc2 g6 18. h4 Qc7 19. h5 {[%emt 0:00:08] 0x0.00144ab73f55dp-1022s more active pieces. The black rooks are badly placed.} b6 20. hxg6 ({Better is} 20. Bf2 $16) 20... hxg6 $11 21. Bxg6 fxg6 $4 (21... Bb7 $11 22. Rg3 O-O-O) 22. Qxg6+ $18 Kd8 23. f5 $2 (23. Qg7 $18 {is more deadly.} Qc6 24. Qxh8+ Kc7 25. Rd1) 23... Nxe5 $2 {[%emt 0:01:39][%mdl 8192] [#]} (23... Qxe5 $2 24. Bg5+ Kc7 25. Bf4 Qxf4 26. Rxf4 $18) (23... Bb7 $16 24. Rh3 Qxe5 25. Qg5+ Kc8 26. Rxh8+ (26. fxe6 Qxg5 27. Rxh8+ Kc7 $14) 26... Qxh8 27. fxe6 Ne5) 24. Bg5+ Kd7 25. Qxe6# {Weighted Error Value: White=0.63/Black=0.48} 1-0